 Dungeon Crawl Stone Soup version 0.32-a0-799-g95e1662365 (webtiles) character file.

Game seed: 5196711522648465433

411 MackTheKnife the Sneak (level 6, -4/45 (49) HPs)
             Began as a Naga Ice Elementalist on Mar 21, 2024.
             Slain by a wight
             ... wielding a +1 heavy hand axe
              (8 damage)
             ... on level 4 of the Dungeon.
             The game lasted 00:07:52 (3592 turns).

MackTheKnife the Sneak (Naga Ice Elementalist)      Turns: 3592, Time: 00:07:53

HP:   -4/45 (49)    AC:  3    Str: 10    XL:     6   Next: 90%
MP:   3/9           EV:  8    Int: 18    God:
Gold: 236           SH:  0    Dex: 11    Spells: 2/9 levels left

rFire   + . .        k - +2 trident (freeze) {polearm}
rCold   . . .        (no shield)
rNeg    . . .        (no body armour)
rPois   +            (no helmet)
rElec   .            (no cloak)
rCorr   .            x - +0 pair of gloves
SInv    +            (no barding)
Will    +....        (no amulet)
Stlth   +++          d - ring of flight
HPRegen 0.27/turn    t - ring of protection from fire
MPRegen 0.11/turn

%: no passive effects
@: enlightened, flying, drained, very slow
A: AC +2, large, see invisible, deformed body, poison resistance, slowness 2,
spit poison 1, naga tail 1
a: Spit Poison


You were on level 4 of the Dungeon.
You visited 1 branch of the dungeon, and saw 4 of its levels.

You collected 236 gold pieces.


Innate Abilities, Weirdness & Mutations

Your serpentine skin is tough. (AC +2)
You have supernaturally acute eyesight. (SInv)
Armour fits poorly on your strangely shaped body.
Your system is resistant to poisons. (rPois)
You cover ground very slowly.
You can spit poison.
You have a snake-like lower body.


   Skills:
 - Level 1.5 Dodging
 - Level 6.0 Stealth
 - Level 2.0 Spellcasting
 + Level 3.8 Summonings
 - Level 6.0 Ice Magic


You had 2 spell levels left.
You knew the following spells:

 Your Spells              Type           Power      Damage    Failure   Level
a - Freeze                Ice            92%        1d9       1%          1
b - Frozen Ramparts       Ice            46%        1d7       4%          3
c - Summon Ice Beast      Ice/Summ       19%        N/A       8%          3

Your spell library contained the following spells:

 Spells                   Type           Power      Damage    Failure   Level
 Sting                    Conj/Alch      4%         1d3       19%         1
 Jinxbite                 Hex            2%         N/A       26%         2
 Mercury Vapours          Alch/Air       2%         N/A       26%         2
 Ozocubu's Armour         Ice            23%        N/A       4%          3
 Tukima's Dance           Hex            1%         N/A       47%         3
 Malign Gateway           Summ/Tloc      4%         N/A       100%        7
 Summon Horrible Things   Summ           7%         N/A       100%        8

Inventory:

Hand Weapons
 k - a +2 trident of freezing (weapon) {polearm}
   (You found it on level 2 of the Dungeon)
Armour
 a - a +0 robe
 o - a +0 helmet
   (You found it on level 4 of the Dungeon)
 v - a +0 buckler
   (You found it on level 3 of the Dungeon)
 x - a +0 pair of gloves (worn)
   (You found it on level 4 of the Dungeon)
Jewellery
 d - a ring of flight (left hand)
   (You found it on level 1 of the Dungeon)
 m - a ring of fire
   (You found it on level 2 of the Dungeon)
 t - a ring of protection from fire (right hand)
   (You found it on level 2 of the Dungeon)
Scrolls
 c - a scroll of vulnerability {!r!r}
 e - a scroll of noise {unknown}
 f - a scroll of poison {unknown}
 g - 3 scrolls of fog
 n - a scroll of revelation {unknown}
 q - a scroll of amnesia {unknown}
 r - a scroll of teleportation {unknown}
 s - a scroll of immolation {unknown}
 y - a scroll of fear
Potions
 b - a potion of magic
 h - a potion of brilliance {unknown}
 i - a potion of berserk rage {unknown}
 l - a potion of haste {unknown}
 p - a potion of curing {@q1}
 u - a potion of enlightenment
 w - 2 potions of might {unknown}

Dungeon Overview and Level Annotations

Branches:
Dungeon (4/15) Zot: 19424
 Temple: D:4-7

Altars:
Kikubaaqudgha
Qazlal
Wu Jian

Shops:
D:2 [   D:4 [

Annotations:
D:3 exclusion: door

#.##.# #.#.#.
#(##.# #.#.#.
#.##.# #.#.#. ...
..#.#< ### ......
... ...
###################
#.@...)............
#z#################
#.#.. .. #.#.# ...
#)#.# #... #.#.#
#... #.#.# #...
#.#.# #... #'#<#
#...


You could see a wight.


Message History

Press: ? - help, Dir - move target, f/p - wight
Aim: a wight, wielding a +1 heavy hand axe and wearing a +0 robe (heavily damaged, ally target, about 44% to evade your +2 trident of freezing)
You could not reach far enough!
The wight completely resists.
The wall freezes the wight but does no damage.
The wight barely misses your ice beast.
Your ice beast closely misses the wight.
Your ice beast hits the wight but does no damage.
Reach: k) +2 trident (freeze) {polearm}
Press: ? - help, Dir - move target, f/p - wight
Aim: a wight, wielding a +1 heavy hand axe and wearing a +0 robe (heavily damaged, ally target, about 44% to evade your +2 trident of freezing)
You could not reach far enough!
The wight resists.
The wall freezes the wight.
The wight closely misses your ice beast.
Your ice beast closely misses the wight.
Reach: k) +2 trident (freeze) {polearm}
Press: ? - help, Dir - move target, f/p - wight
Aim: a wight, wielding a +1 heavy hand axe and wearing a +0 robe (heavily damaged, ally target, about 44% to evade your +2 trident of freezing)
You reach to attack!
You hit the wight.
The wight completely resists.
The wall freezes the wight but does no damage.
The wight hits your ice beast with a +1 heavy hand axe!
Your ice beast dies!
Your ice beast disappears in a puff of smoke! 😎 MP[+1] Reach: k) +2 trident (freeze) {polearm}
Press: ? - help, Dir - move target, f/p - wight
Aim: a wight, wielding a +1 heavy hand axe and wearing a +0 robe (severely damaged, about 44% to evade your +2 trident of freezing)
You reach to attack!
You hit the wight but do no damage.
The wall freezes the wight but does no damage.
Casting: Frozen Ramparts (dangerous; 4% risk of failure)
Confirm with . or Enter, or press ? or * to list all spells.
You don't have enough magic to cast this spell.
Reach: k) +2 trident (freeze) {polearm}
Press: ? - help, Dir - move target, f/p - wight
Aim: a wight, wielding a +1 heavy hand axe and wearing a +0 robe (severely damaged, about 44% to evade your +2 trident of freezing)
You hit the wight.
The wight completely resists.
The wall freezes the wight but does no damage.
The wight hits you with a +1 heavy hand axe!
You feel drained. 😮 HP[-20]
You now have 47 max hp (-2).
You take 20 damage, and now have 29/47 hp.
MASSIVE DAMAGE!! (PAUSE) Unknown command.
Reach: k) +2 trident (freeze) {polearm}
Press: ? - help, Dir - move target, f/p - wight
Aim: a wight, wielding a +1 heavy hand axe and wearing a +0 robe (almost destroyed, about 44% to evade your +2 trident of freezing)
You hit the wight but do no damage.
The wight completely resists.
The wall freezes the wight but does no damage.
The wight hits you with a +1 heavy hand axe!
* * * LOW HITPOINT WARNING * * *
😨 HP[-9]
You take 9 damage, and now have 20/47 hp.
Aiming: Spit Poison (1% risk of failure)
Press: ? - help, Shift-Dir - straight line, f - you, p - wight
Okay, then.
Unknown command.
Reach: k) +2 trident (freeze) {polearm}
Press: ? - help, Dir - move target, f - wight
Aim: a wight, wielding a +1 heavy hand axe and wearing a +0 robe (almost destroyed, about 44% to evade your +2 trident of freezing)
You barely miss the wight.
The frozen ramparts melt away.
The wight closely misses you.
Casting: Frozen Ramparts (dangerous; 4% risk of failure)
Confirm with . or Enter, or press ? or * to list all spells.
You don't have enough magic to cast this spell.
You aren't carrying any items that you can evoke.
Unknown command.
Casting: Frozen Ramparts (dangerous; 4% risk of failure)
Confirm with . or Enter, or press ? or * to list all spells.
Okay, then.
Unknown command.
Reach: k) +2 trident (freeze) {polearm}
Press: ? - help, Dir - move target, f/p - wight
Aim: a wight, wielding a +1 heavy hand axe and wearing a +0 robe (almost destroyed, about 44% to evade your +2 trident of freezing)
You hit the wight but do no damage.
The wight hits you with a +1 heavy hand axe!
* * * LOW HITPOINT WARNING * * *
😱 HP[-10]
You take 10 damage, and now have 10/47 hp.
MASSIVE DAMAGE!! (PAUSE)
Okay, then.
You feel better. 😨 HP[+7]
You regained 7 hp, and now have 17/47 hp.
Reach: k) +2 trident (freeze) {polearm}
Press: ? - help, Dir - move target, f/p - wight
Aim: a wight, wielding a +1 heavy hand axe and wearing a +0 robe (almost destroyed, about 44% to evade your +2 trident of freezing)
You barely miss the wight.
The wight hits you with a +1 heavy hand axe!
* * * LOW HITPOINT WARNING * * *
You feel drained.
* * * LOW HITPOINT WARNING * * *
😱 HP[-14] MP[+1]
You now have 45 max hp (-2).
You take 14 damage, and now have 3/45 hp.
MASSIVE DAMAGE!! (PAUSE)
Okay, then.
Unknown command.
It was a potion of enlightenment.
You feel more buoyant.
The wight hits you with a +1 heavy hand axe!
You die...

Skill      XL: |  1  2  3  4  5  6 |
---------------+-------------------+-----
Stealth        | 4 5 6 |  6.0
Ice Magic      | 5 6 |  6.0
Summonings     | 1 3 |  3.8
Dodging        | |  1.5
Spellcasting   | |  2.0

Action                     |  1- 3 |  4- 6 || total
---------------------------+-------+-------++-------
  Melee: Quarterstaff      |    12 |       ||    12
         Dagger            |     7 |       ||     7
         Rapier            |     1 |       ||     1
         Trident           |     5 |    98 ||   103
   Cast: Freeze            |    18 |     5 ||    23
         Frozen Ramparts   |     1 |    14 ||    15
         Summon Ice Beast  |       |     3 ||     3
Ability: Spit Poison       |    11 |     4 ||    15
    Use: Potion            |       |     4 ||     4
         Scroll            |       |     4 ||     4
   Stab: Sleeping          |     1 |     9 ||    10
 Armour: Robe              |    24 |    53 ||    77
         Skin              |       |    14 ||    14
  Dodge: Dodged            |    19 |    46 ||    65

Levels and vault maps discovered:
D:1:      minmay_arrival_hallway, layout_rooms
D:2:      layout_loops_corners, basic_altar, serial_shops, shop
D:3:      layout_basic, kiku_gazebo_pond_becter, tgw_trog, serial_corexii_hall,
          chequers_hall_statues_corner_a, chequers_hall_statues_wall_a,
          grunt_decor_one_mirror, minmay_misc_feat_doors
D:4:      layout_basic, nicolae_wu_jian_wuxing_cycle, serial_shops,
          nicolae_shop_tiny_glass

Notes
Turn   | Place    | Note
-------+----------+-------------------------------------------
     0 | D:1      | MackTheKnife the Naga Ice Elementalist began the quest for
                  | the Orb.
     0 | D:1      | Reached XP level 1. HP: 15/15 MP: 3/3
     0 | D:1      | magus.rc [v1.9.6]
   177 | D:1      | Reached skill level 4 in Stealth
   177 | D:1      | Reached XP level 2. HP: 22/22 MP: 5/5
   284 | D:1      | You add the spells Sting, Mercury Vapours, Jinxbite and
                  | Tukima's Dance to your library.
   284 | D:1      | Got the Textbook on Cursed Intoxication
   559 | D:1      | Reached skill level 5 in Stealth
   837 | D:2      | Reached XP level 3. HP: 28/28 MP: 6/6
   848 | D:2      | Found a stormy altar of Qazlal.
  1061 | D:2      | Learned a level 3 spell: Frozen Ramparts
  1130 | D:2      | Reached skill level 6 in Stealth
  1133 | D:2      | Reached XP level 4. HP: 27/36 MP: 3/7
  1320 | D:2      | Found Naeheiz's Armour Boutique.
  1833 | D:2      | Learned a level 3 spell: Summon Ice Beast
  1927 | D:3      | Reached skill level 5 in Ice Magic
  2020 | D:3      | Found an ancient bone altar of Kikubaaqudgha.
  2152 | D:3      | Reached XP level 5. HP: 39/42 MP: 8/8
  2555 | D:3      | Noticed a moth of wrath
  2853 | D:4      | Reached skill level 1 in Summonings
  2853 | D:4      | Reached skill level 6 in Ice Magic
  2853 | D:4      | Reached XP level 6. HP: 43/49 MP: 5/9
  2859 | D:4      | Reached skill level 2 in Summonings
  2910 | D:4      | HP: 11/49 [orc/+0 hand axe (7)]
  2920 | D:4      | Reached skill level 3 in Summonings
  3019 | D:4      | You add the spells Malign Gateway and Summon Horrible
                  | Things to your library.
  3126 | D:4      | Found an ornate altar of the Wu Jian Council.
  3213 | D:4      | Found Yry Huig's Armour Shop.
  3589 | D:4      | HP: 10/47 [wight/+1 heavy hand axe (11)]
  3591 | D:4      | HP: 3/45 [wight/+1 heavy hand axe (3)]
  3592 | D:4      | Slain by a wight

Vanquished Creatures
  A wight (D:4)
  An orc priest (D:3)
  A sleepcap (D:4)
  An iguana (D:4)
  6 orc wizards
  3 gnolls (D:2)
  2 adders
  2 dart slugs
  A ribbon worm (D:3)
  12 orcs
  4 ball pythons
  5 endoplasms
  2 giant cockroaches (D:1)
  10 goblins
  5 hobgoblins
  A quokka (D:1)
  2 bats
  4 frilled lizards
  7 kobolds
  7 rats
77 creatures vanquished.

Table legend:
 A = Non-vault XP
 B = Vault XP
 C = Vault XP percentage of total XP
 D = Non-vault monster count
 E = Vault monster count
 F = Vault count percentage of total count
                 A         B        C        D         E       F
            +---------+---------+-------+---------+---------+-------
      Total |     588 |       0 |   0.0 |      77 |       0 |   0.0
            +---------+---------+-------+---------+---------+-------
        D:1 |      32 |       0 |   0.0 |      19 |       0 |   0.0
        D:2 |      84 |       0 |   0.0 |      23 |       0 |   0.0
        D:3 |     139 |       0 |   0.0 |      14 |       0 |   0.0
        D:4 |     333 |       0 |   0.0 |      21 |       0 |   0.0
            +---------+---------+-------+---------+---------+-------

Skill      XL: |  1  2  3  4  5  6 |
---------------+-------------------+-----
Stealth        | 4 5 6 |  6.0
Ice Magic      | 5 6 |  6.0
Summonings     | 1 3 |  3.8
Dodging        | |  1.5
Spellcasting   | |  2.0

Action                     |  1- 3 |  4- 6 || total
---------------------------+-------+-------++-------
  Melee: Quarterstaff      |    12 |       ||    12
         Dagger            |     7 |       ||     7
         Rapier            |     1 |       ||     1
         Trident           |     5 |    98 ||   103
   Cast: Freeze            |    18 |     5 ||    23
         Frozen Ramparts   |     1 |    14 ||    15
         Summon Ice Beast  |       |     3 ||     3
Ability: Spit Poison       |    11 |     4 ||    15
    Use: Potion            |       |     4 ||     4
         Scroll            |       |     4 ||     4
   Stab: Sleeping          |     1 |     9 ||    10
 Armour: Robe              |    24 |    53 ||    77
         Skin              |       |    14 ||    14
  Dodge: Dodged            |    19 |    46 ||    65

Illustrated notes

Table legend:
 A = Kills in this place as a percentage of kills in the entire game.
 B = Kills by you in this place as a percentage of kills by you in the entire game.
 C = Kills by friends in this place as a percentage of kills by friends in the entire game.
 D = Other kills in this place as a percentage of other kills in the entire game.
 E = Experience gained in this place as a percentage of experience gained in the entire game.
 F = Experience gained in this place divided by the number of levels of this place that you have seen.
                   A       B       C       D       E      F
               +-------+-------+-------+-------+-------+----------------------
         Total | 100.0 | 100.0 |   N/A |   N/A | 100.0 | 147.0
       Dungeon | 100.0 | 100.0 |   N/A |   N/A | 100.0 | 147.0
               +-------+-------+-------+-------+-------+----------------------

Table legend: (Time is in decaauts)
 A = Elapsed time spent in this place.
 B = Non-inter-level travel time spent in this place.
 C = Inter-level travel time spent in this place.
 D = Time resting spent in this place.
 E = Time spent auto-exploring this place.
 F = Levels seen in this place.
 G = Mean time per level.
                   A        B        C        D        E       F      G
               +--------+--------+--------+--------+--------+-----+--------+
         Total |   4574 |   4349 |    225 |    475 |   3093 |   4 | 1143.5 |
       Dungeon |   4574 |   4349 |    225 |    475 |   3093 |   4 | 1143.5 |
               +--------+--------+--------+--------+--------+-----+--------+

Top non-repeatable levels by time:
     D:2: 1378 daAuts
     D:3: 1103 daAuts
     D:4: 1082 daAuts
     D:1: 1009 daAuts
